 Dungeon Crawl Stone Soup version 0.30-b1-2-g02819fbbbe (webtiles) character file.

Game seed: 12795678099463946928

44 sking99 the Magician (level 3, -7/27 HPs)
             Began as a Djinni Hedge Wizard on Nov 17, 2023.
             Mangled by a gnoll
             ... wielding a +0 flail
              (8 damage)
             ... on level 2 of the Dungeon.
             The game lasted 00:03:41 (1500 turns).

sking99 the Magician (Djinni Hedge Wizard)          Turns: 1500, Time: 00:03:41

Health: -7/27      AC:  3    Str: 11    XL:     3   Next: 85%
Gold:   133        EV: 12    Int: 15    God:
                   SH:  0    Dex: 12

rFire   + . .        a - +0 dagger
rCold   . . .        (no shield)
rNeg    . . .        b - +0 robe
rPois   ∞            c - +0 hat
rElec   .            g - +0 cloak
rCorr   .            (no gloves)
SInv    .            (boots unavailable)
Will    .....        (no amulet)
Stlth   ++           p - ring of ice
HPRegen 0.24/turn    (no ring)
MPRegen 0.00/turn

%: infuse magic (-8 HP)
@: flying, very slightly contaminated
A: sickness immunity, fire resistance 2, cold vulnerability 1, float, innate
caster, HP casting, extra vitality 1
a: no special abilities


You were on level 2 of the Dungeon.
You visited 1 branch of the dungeon, and saw 3 of its levels.

You collected 133 gold pieces.

Inventory:

Hand Weapons
 a - a +0 dagger (weapon)
Armour
 b - a +0 robe (worn)
 c - a +0 hat (worn)
 g - a +0 cloak (worn)
Magical Staves
 f - a staff of fire
Jewellery
 p - a ring of ice (left hand)
Scrolls
 d - a scroll of amnesia {unknown}
 h - 2 scrolls of teleportation {unknown}
 j - a scroll of enchant armour {unknown}
 k - 2 scrolls of fog {unknown}
 l - 2 scrolls of identify {unknown}
 m - a scroll of magic mapping {unknown}
Potions
 e - 5 potions of lignification {unknown}
 i - 3 potions of might {unknown}
 n - a potion of curing {unknown}
 o - a potion of heal wounds {unknown}
 q - a potion of invisibility {unknown}


   Skills:
 + Level 1.3 Fighting
 + Level 2.8 Dodging
 - Level 1.5 Stealth
 * Level 3.0 Spellcasting


You knew the following spells:

 Your Spells              Type           Power      Damage    Failure   Level
a - Magic Dart            Conj           44%        1d5       6%          1
b - Slow                  Hex            44%        N/A       6%          1
c - Blink                 Tloc           22%        N/A       9%          2
d - Call Imp              Summ           22%        N/A       9%          2
e - Mephitic Cloud        Conj/Pois/Air  11%        N/A       17%         3
f - Beastly Appendage     Tmut           22%        N/A       6%          1
Your spell library was empty.

Dungeon Overview and Level Annotations

Branches:
Dungeon (3/15)

Altars:
Trog


Innate Abilities, Weirdness & Mutations

You are immune to sickness and miasma.
You are immune to poison.
Your flesh is very heat resistant. (rF++)
You are vulnerable to cold. (rC-)
You float through the air rather than walking.
You learn spells naturally, not from books.
Your magical power is your life essence.
You have superior vitality. (+4 MHP)


Message History

You fly upwards.
There is a stone staircase leading down here.
You start resting.
HP restored.
You fly downwards.
The gnoll misses you.
There is a stone staircase leading up here.
The gnoll hits you with a +0 flail.
You fly upwards.
There is a stone staircase leading down here.
Casting: Magic Dart (safe; 6% risk of failure)
Confirm with . or Enter, or press ? or * to list all spells.
The spell is quite dangerous to miscast (17% risk of failure)!
Continue anyway?
Okay, then.
Casting: Mephitic Cloud (quite dangerous; 17% risk of failure)
Confirm with . or Enter, or press ? or * to list all spells.
A tiny devil pulls itself out of the air.
The gnoll hits you with a +0 flail!
Casting: Call Imp (safe; 9% risk of failure)
Confirm with . or Enter, or press ? or * to list all spells.
A tiny devil pulls itself out of the air.
Your cerulean imp disappears in a puff of smoke!
The gnoll closely misses you.
Your cerulean imp closely misses the gnoll.
Casting: Call Imp (safe; 9% risk of failure)
Confirm with . or Enter, or press ? or * to list all spells.
Aiming: Magic Dart (safe; 6% risk of failure)
Press: ? - help, Shift-Dir - straight line, f - gnoll
Aim: a gnoll, wielding a +0 flail (ally target, 100% to hit)
You miscast Magic Dart.
You are very lightly contaminated with residual magic.
Nothing appears to happen.
The gnoll hits you with a +0 flail!
* * * LOW HITPOINT WARNING * * *
Your cerulean imp hits the gnoll with a -3 spear.
Your cerulean imp hits the gnoll from afar with a -3 spear.
Casting: Magic Dart (safe; 6% risk of failure)
Confirm with . or Enter, or press ? or * to list all spells.
You don't have enough health to cast this spell.
Unknown command.
The gnoll attacks as you move away! The gnoll hits you with a +0 flail!
You die...

####.####.#.#.#.........'.....#.#
..............#....###.##.....#.#
#########.#.###....#...##.....#..
......# #.#.# #....#.#.##.....#.#
.####.###+#+####^......##.....#..
(####.##.............#....#.....#
...##.##..................+.....+
.####.........).....#######.....#
.###############@.....# #.....+
....# ##### #g.....# #.....#
....# #...# #......###########
....# #...# ###5>...........# ##
....# #...# #......####...#.# #.
..[.# #...# #......+......#.# ##
....# #...# #......###....#.####
....# #...# #......###....#.....
....# #...# #.............#####.


You could see a gnoll (ally target) and a friendly cerulean imp (summoned).

Vanquished Creatures
  An adder (D:2)
  2 dart slugs
  A ball python (D:2)
  2 bats
  6 endoplasms
  2 giant cockroaches
  4 goblins
  A quokka (D:2)
  A frilled lizard (D:1)
  5 kobolds (D:1)
  A rat (D:1)
26 creatures vanquished.

Notes
Turn   | Place    | Note
-------+----------+-------------------------------------------
     0 | D:1      | sking99 the Djinni Hedge Wizard began the quest for the
                  | Orb.
     0 | D:1      | sking99 set off with the following spells memorised: Magic
                  | Dart, Slow, Blink, Call Imp, Mephitic Cloud.
     0 | D:1      | Reached XP level 1. HP: 15/15 MP: 0/0
    70 | D:1      | Reached XP level 2. HP: 16/22 MP: 0/0
   695 | D:1      | Reached skill level 1 in Fighting
   695 | D:1      | Reached XP level 3. HP: 5/27 MP: 0/0
   695 | D:1      | Learned a level 1 spell: Beastly Appendage
   698 | D:1      | HP: 1/27 [kobold/+0 dagger (1)]
   820 | D:2      | Found a bloodstained altar of Trog.
  1083 | D:2      | Reached skill level 3 in Spellcasting
  1497 | D:2      | HP: 1/27 [gnoll/+0 flail (9)]
  1500 | D:2      | Mangled by a gnoll

Illustrated notes

Levels and vault maps discovered:
D:1:      mainiacjoe_arrival_reflecting_pool, layout_rooms
D:2:      layout_basic, basic_altar
D:3:      minmay_chambers_of_threes, layout_loops_corners, wad_orctagon,
          uniq_ijyb

Skill      XL: |  1  2  3 |
---------------+----------+-----
Fighting       | 1 |  1.3
Spellcasting   | 3 |  3.0
Dodging        | |  2.8
Stealth        | |  1.5

Action                     || total
---------------------------++-------
  Melee: Dagger            ||    19
   Cast: Magic Dart        ||    82
         Call Imp          ||     2
         Mephitic Cloud    ||     1
 Armour: Robe              ||    15
  Dodge: Dodged            ||    30
